Map: [ESL] Cosmic Sapphire

Players

TheNovack

  • Race: Protoss Protoss
  • Spawn Location: 5:00

Maplez - Winner!

  • Race: Protoss Protoss
  • Spawn Location: 11:00

Event: DreamHack SC2 Masters 2022 Valencia

VOD

Have the link to the VOD?

Description

Time

  • Played on: July 1, 2022, 2:09 p.m.
  • Length: 6:37

All games in this series

Show
View Real Time Build Order
Export as new Build Order

TheNovack Protoss 

Build Orders:  

Get SALT Encoding   

  12  0:00  Probe  
  13  0:13  Probe  
  14  0:18  Pylon  
  14  0:25  Probe  
  15  0:37  Probe (Chrono Boost)  
  15  0:38  Gateway  
  16  0:47  Assimilator  
  16  0:48  Probe (Chrono Boost)  
  17  0:53  Probe (Chrono Boost)  
  17  0:56  Assimilator  
  18  1:03  Probe  
  19  1:13  Gateway  
  19  1:15  Probe (Chrono Boost)  
  21  1:27  Cybernetics Core  
  20  1:37  Probe  
  21  1:43  Pylon  
  21  1:49  Probe  
  22  2:05  Stalker x2  
  22  2:06  Warp Gate  
  26  2:15  Robotics Facility  
  26  2:35  Stalker  
  28  2:55  Shield Battery  
  28  3:01  Pylon  
  28  3:02  Warp Prism (Chrono Boost)  
  30  3:07  Gateway  
  30  3:15  Gateway  
  30  3:46  Pylon  
  30  3:47  Pylon  
  30  4:02  Stalker x2  
  32  4:03  Stalker  
  36  4:11  Stalker  
  32  4:40  Stalker x4  
  40  4:58  Stalker x2  
  44  5:03  Stalker  
  44  5:05  Stalker  
  44  5:27  Immortal  
  47  5:58  Stalker  
  47  6:02  Pylon  
  46  6:04  Pylon  
  46  6:15  Stalker x2  
  40  6:24  Stalker  
Show
View Real Time Build Order
Export as new Build Order

Maplez Protoss - Winner!

Build Orders:  

Get SALT Encoding   

  12  0:00  Probe  
  13  0:12  Probe  
  14  0:17  Pylon  
  14  0:24  Probe (Chrono Boost)  
  15  0:36  Probe (Chrono Boost)  
  15  0:38  Gateway  
  16  0:44  Probe (Chrono Boost)  
  17  0:50  Probe, Assimilator  
  17  0:55  Assimilator  
  18  1:03  Probe (Chrono Boost)  
  19  1:09  Gateway  
  19  1:14  Probe (Chrono Boost)  
  20  1:19  Probe (Chrono Boost)  
  21  1:29  Probe, Cybernetics Core  
  22  1:35  Pylon  
  22  1:42  Probe  
  23  1:55  Probe  
  24  2:06  Stalker x2  
  24  2:07  Warp Gate (Chrono Boost)  
  28  2:14  Robotics Facility  
  28  2:24  Pylon  
  28  2:31  Gateway  
  28  2:40  Pylon  
  27  2:45  Stalker  
  27  2:46  Stalker  
  31  2:58  Warp Prism (Chrono Boost)  
  33  3:09  Pylon  
  33  3:28  Observer  
  34  3:39  Probe  
  35  3:48  Stalker x3  
  41  3:57  Observer, Pylon  
  41  3:59  Shield Battery  
  42  4:12  Stalker x2  
  46  4:32  Pylon  
  46  4:42  Twilight Council  
  50  4:52  Immortal  
  50  4:53  Sentry  
  50  4:56  Shield Battery  
  52  5:01  Shield Battery  
  52  5:12  Pylon  
  52  5:14  Observer, Sentry  
  52  5:18  Probe  
  55  5:45  Pylon  
  55  5:59  Stalker x3  
  55  6:03  Stalker  
  57  6:04  Adept x2  
  57  6:06  Probe  
  56  6:30  Stalker x3  

Tags
 
Add a new tag
Caveats
  • Supply blocks, unpowered buildings, or Contaminate may cause inaccurate times.
  • Supply counts are checked every 10 seconds.